 Dungeon Crawl Stone Soup version 0.22-a0-379-ga9d99d6 (webtiles) character file.

19 Kairos the Shield-Bearer (level 2, 16/16 HPs)
             Began as a Vine Stalker Fighter on Apr 28, 2018.
             Quit the game on level 1 of the Dungeon.
             The game lasted 00:00:44 (671 turns).

Kairos the Shield-Bearer (Vine Stalker Fighter)      Turns: 671, Time: 00:00:45

Health: 16/16      AC:  3    Str: 18    XL:     2   Next: 75%
Magic:  3/3        EV:  8    Int:  8    God:
Gold:   6          SH:  9    Dex: 13    Spells: 1/1 levels left

rFire    . . .     SeeInvis .   a - +0 war axe
rCold    . . .     Gourm    .   c - +0 shield
rNeg     . . .     Faith    .   g - +0 leather armour (curse)
rPois    .         Spirit   +   (no helmet)
rElec    .         Reflect  .   (no cloak)
rCorr    .         Harm     .   (no gloves)
MR       .....                  (no boots)
Stlth    +.........             (no amulet)
HPRegen  0.05/turn              (no ring)
MPRegen  0.08/turn              (no ring)

@: no status effects
A: fangs 2, magic shield, antimagic bite, no potion heal 3, rot immunity
a: no special abilities


You were on level 1 of the Dungeon.
You were not hungry.

You visited 1 branch of the dungeon, and saw 1 of its levels.

You collected 6 gold pieces.

Inventory:

Hand Weapons
 a - a +0 war axe (weapon)
Armour
 b - a +0 scale mail
 c - a +0 shield (worn)
 g - a cursed +0 leather armour (worn)
Scrolls
 e - a scroll of identify {unknown}
Potions
 d - a potion of might
Comestibles
 f - 2 rations


   Skills:
 + Level 2.9 Fighting
 + Level 1.8 Axes
 + Level 2.6 Armour
 + Level 0.1 Dodging
 + Level 3.1 Shields


You had one spell level left.
You didn't know any spells.

Dungeon Overview and Level Annotations

Branches:
Dungeon (1/15)

Altars:


Innate Abilities, Weirdness & Mutations

You have extremely sharp teeth.
When hurt, damage is shared between your health and your magic reserves.
Your bite disrupts and absorbs the magic of your enemies.
Potions cannot restore your health.
You are immune to rotting.


Message History

Things that are here:
a dagger; a goblin skeleton; a hobgoblin skeleton
There is a stone staircase leading down here.
There is a stone staircase leading down here.
There is a stone staircase leading down here.
Done exploring.
Done exploring.
You see here a club.
You see here 14 sling bullets.
There is an escape hatch in the floor here.
You see here a runed leather armour.
g - a runed leather armour You start removing your armour.
You continue taking off your +0 scale mail. x4
You finish taking off your +0 scale mail.
You start putting on your armour.
You continue putting on your runed leather armour. x5
You finish putting on your cursed +0 leather armour.
Oops, that feels deathly cold.
Are you sure you want to abandon this character and quit the game? (Confirm with "yes".)

##......###..........⌠..
##.......#####.........
#.......# #######.##
#.......# ###.# #.##
#.......#####...# #...
#.........>.....#####.
#.......#######..(..#.
#.......## #####...
#....@...# ##..#
###.##.#.# #######....
#.##.#.# #.........#
#.##.#.# #.....#.###
#.##.#.# #....##.# #
#.##.#.# ##.##...#
####.##.#.####....###
#....>..........###
#.......#.##....#


There were no monsters in sight!

Vanquished Creatures
  A leopard gecko (D:1)
  A giant cockroach (D:1)
  3 hobgoblins (D:1)
  2 bats (D:1)
  4 frilled lizards (D:1)
  4 goblins (D:1)
  A kobold (D:1)
  3 rats (D:1)
19 creatures vanquished.

Notes
Turn   | Place    | Note
-------+----------+-------------------------------------------
     0 | D:1      | Kairos the Vine Stalker Fighter began the quest for the Orb.
     0 | D:1      | Reached XP level 1. HP: 11/11 MP: 2/2
   285 | D:1      | Reached XP level 2. HP: 15/16 MP: 3/3
   328 | D:1      | Reached skill level 3 in Shields
   671 | D:1      | Quit the game

Vault maps used:
D:1:      dpeg_arrival_water_temple_mockup

Skill      XL: |  1  2 |
---------------+-------+-----
Shields        | 3 |  3.1
Fighting       | |  2.9
Axes           | |  1.8
Armour         | |  2.6
Dodging        | |  0.1

Action                   || total
-------------------------++-------
Melee: War axe           ||    62
       Bite              ||    11
Armor: Scale mail        ||    35
Dodge: Dodged            ||    28
Block: Shield            ||    41

Table legend:
 A = Spawn XP
 B = Non-spawn XP
 C = Spawn XP percentage of total XP
 D = Spawn monster count
 E = Non-spawn monster count
 F = Spawn count percentage of total count
 G = Total turns spent on level
                    A         B        C        D         E        F      G
               +---------+---------+-------+---------+---------+-------+---------
         Total |       0 |      28 |   0.0 |       0 |      19 |   0.0 |   671
               +---------+---------+-------+---------+---------+-------+---------
           D:1 |       0 |      28 |   0.0 |       0 |      19 |   0.0 |   671
               +---------+---------+-------+---------+---------+-------+---------
